 Dungeon Crawl Stone Soup version 0.29-a0-717-g6dac4ea423 (webtiles) character file.

Game seed: 12061217300302281590

3663 polve the Schismatic (level 9, 0/74 HPs)
             Began as a Demonspawn Abyssal Knight on June 26, 2022.
             Was an Elder of Lugonu.
             Slain by a death yak (17 damage)
             ... on level 8 of the Dungeon.
             The game lasted 00:10:25 (13017 turns).

polve the Schismatic (Demonspawn Abyssal Knight)   Turns: 13017, Time: 00:10:25

Health: 0/74       AC: 10    Str: 17    XL:     9   Next: 89%
Magic:  2/16       EV: 13    Int: 11    God:    Lugonu [****..]
Gold:   373        SH:  4    Dex: 15    Spells: 8/8 levels left

rFire   . . .      SeeInvis .   a - +2 short sword (venom)
rCold   . . .      Faith    .   (no shield)
rNeg    . . .      Spirit   .   b - +0 leather armour
rPois   .          Reflect  .   (no helmet)
rElec   .          Harm     .   q - +0 cloak
rCorr   .          Rampage  .   (no gloves)
Will    .....                   (no boots)
Stlth   +.........              (no amulet)
HPRegen 0.22/turn               (no ring)
MPRegen 0.15/turn               (no ring)

@: sanguine armoured
A: spiny 1, sanguine armour 1, condensation shield, demonic touch 2
a: Renounce Religion, Depart the Abyss, Bend Space, Banish, Corrupt


You were on level 8 of the Dungeon.
You worshipped Lugonu.
Lugonu was greatly pleased with you.
You visited 1 branch of the dungeon, and saw 8 of its levels.
You visited the Abyss 1 time.
You also visited: Sewer.

You collected 373 gold pieces.

Inventory:

Hand Weapons
 a - a +2 short sword of venom (weapon)
Missiles
 k - 4 throwing nets
Armour
 b - a +0 leather armour (worn)
 q - a +0 cloak (worn)
Jewellery
 c - a ring of ice
Wands
 n - a wand of iceblast (7)
 x - a wand of flame (17)
 B - a wand of mindburst (7)
Scrolls
 d - a scroll of torment {unknown}
 e - 2 scrolls of fog {unknown}
 f - 2 scrolls of amnesia {unknown}
 h - a scroll of summoning {unknown}
 i - 4 scrolls of immolation {unknown}
 j - a scroll of enchant weapon {unknown}
 l - a scroll of fear {unknown}
 m - a scroll of poison {unknown}
 p - 7 scrolls of identify {unknown}
 w - a scroll of brand weapon {unknown}
 y - a scroll of teleportation {unknown}
 A - a scroll of noise {unknown}
 D - a scroll of blinking {unknown}
Potions
 g - a potion of ambrosia {unknown}
 o - a potion of berserk rage {unknown}
 r - 2 potions of flight {unknown}
 s - 5 potions of curing {unknown}
 t - a potion of might {unknown}
 u - a potion of haste {unknown}
 v - a potion of heal wounds
 z - a potion of magic {unknown}
 C - a potion of mutation {unknown}


   Skills:
 - Level 8.0 Fighting
 + Level 7.2 Short Blades
 - Level 4.0 Armour
 - Level 4.0 Dodging
 - Level 10.0 Invocations


You had 8 spell levels left.
You didn't know any spells.
Your spell library contained the following spells:

 Spells                   Type           Power      Damage    Failure   Level
 Apportation              Tloc           0%         N/A       38%         1
 Freeze                   Ice            0%         1d3       38%         1
 Blink                    Tloc           0%         N/A       54%         2
 Ensorcelled Hibernation  Hex/Ice        0%         N/A       54%         2
 Poisonous Vapours        Pois/Air       0%         N/A       54%         2
 Frozen Ramparts          Ice            0%         1d2       77%         3
 Lesser Beckoning         Tloc           0%         N/A       77%         3
 Mephitic Cloud           Conj/Pois/Air  0%         N/A       77%         3
 Spider Form              Tmut/Pois      0%         N/A       77%         3
 Anguish                  Hex/Necr       0%         N/A       99%         4
 Hailstorm                Conj/Ice       0%         3d3       99%         4
 Olgreb's Toxic Radiance  Pois           0%         N/A       99%         4
 Alistair's Intoxication  Tmut/Pois      0%         N/A       100%        5
 Manifold Assault         Tloc           0%         N/A       100%        5
 Summon Mana Viper        Hex/Summ       0%         N/A       100%        5
 Ozocubu's Refrigeration  Ice            0%         4d5       100%        7
 Ignition                 Fire           0%         3d3       100%        8


Dungeon Overview and Level Annotations

Branches:
Dungeon (8/15)             Temple (0/1) D:7            Lair (0/6) D:8
  Sewer (visited)

Altars:
Okawaru
Qazlal
Ru
Vehumet

Shops:
D:4 =


Innate Abilities, Weirdness & Mutations

You are partially covered in sharp spines.
When seriously injured, your blood forms armour. (AC +6)
A meltable shield of frost defends you. (SH +4)
Your touch may inflict irresistible damage on your foes.


Message History

You hit the elephant but do no damage.
The elephant looks as sick as possible!
The elephant is almost dead.
You hit the elephant.
The elephant looks as sick as possible!
You touch the elephant.
You kill the elephant!
Lugonu accepts your kill.
Your Short Blades skill increases to level 7!
Space bends violently around you!
You blink.
Found a staircase to the Lair.
You miss the basilisk. The basilisk closely misses you.
The basilisk attacks as you move away! The basilisk closely misses you.
The basilisk gazes at you. You resist with some effort.
Press: ? - help, Shift-Dir - straight line, f - death yak
Aim: a death yak (chance to affect: 23%)
The death yak resists with almost no effort.
Press: ? - help, Shift-Dir - straight line, f/p - death yak
Aim: a death yak (chance to affect: 23%)
The death yak resists with almost no effort.
The death yak snorts and paws the ground.
You block the death yak's attack.
Press: ? - help, Shift-Dir - straight line, f/p - death yak
Aim: a death yak (chance to affect: 23%)
The death yak resists with almost no effort.
The death yak misses you. The death yak attacks as you move away!
The death yak gores you but does no damage.
The basilisk attacks as you move away! The basilisk bites you!
* * * LOW HITPOINT WARNING * * *
Press: ? - help, Shift-Dir - straight line, f/p - death yak
Aim: a death yak (chance to affect: 23%)
The death yak resists with almost no effort.
The death yak gores you.
* * * LOW HITPOINT WARNING * * *
Okay, then.
The death yak attacks as you move away! The death yak is struck by your spines.
The death yak closely misses you. The death yak attacks as you move away!
The death yak gores you but does no damage.
The death yak attacks as you move away! The death yak gores you!
You die...

..........###
###.........#
.#...####...# ...#.#
#.### ##
.....####.###. ###..
...........##.#####+#
##....
..........###...(.#.#
##..... ....###...#
#.....#.#######......
....# #...#
#...@Yl......#.......
..(.# #...#
#.................P..
....# #.###
#............###.....
....# #.#
#............####....
##### #.#
#..............####..
.....###+######..†....
###### ########


You could see a death yak and a basilisk.

Vanquished Creatures
  An elephant (D:8)
  Prince Ribbit (D:6)
  2 wyverns (D:8)
  2 steam dragons
  Edmund (D:5)
  2 orc warriors
  A sky beast (D:5)
  An ice beast (D:8)
  A black bear (D:8)
  A centaur (D:8)
  A phantom (D:7)
  2 gnoll sergeants (D:7)
  A necrophage (D:5)
  2 scorpions
  5 bullfrogs
  4 killer bees (D:7)
  2 lava snakes (D:7)
  4 howler monkeys
  4 hounds
  2 jellies
  4 orc priests
  2 iguanas
  7 orc wizards
  A statue (D:5)
  7 gnolls (D:7)
  2 river rats
  11 adders
  A white imp (D:7)
  An ufetubus (D:5)
  3 worms
  A dart slug (D:1)
  23 orcs
  10 ball pythons
  6 endoplasms
  5 giant cockroaches
  3 goblins
  3 hobgoblins
  8 jackals
  10 kobolds
  3 quokkas
  3 bats
  4 frilled lizards
  9 rats
167 creatures vanquished.

Vanquished Creatures (others)
  5 plants (Sewer)
5 creatures vanquished.

Grand Total: 172 creatures vanquished

Notes
Turn   | Place    | Note
-------+----------+-------------------------------------------
     0 | Abyss:1  | polve the Demonspawn Abyssal Knight began the quest for the
                  | Orb.
     0 | Abyss:1  | Reached XP level 1. HP: 18/18 MP: 2/2
   586 | Abyss:1  | Noticed a large abomination
   587 | D:1      | Escaped the Abyss
   645 | D:1      | Reached ** piety under Lugonu
  1133 | D:1      | Gained mutation: When seriously injured, your blood forms
                  | armour. (AC +6) [demonic ancestry]
  1133 | D:1      | Reached XP level 2. HP: 20/24 MP: 3/3
  1726 | D:1      | Got the Collected Works on Toxic Execration
  1839 | D:2      | Reached XP level 3. HP: 12/29 MP: 4/4
  3183 | D:2      | Found a faded altar of an unknown god.
  3299 | D:3      | Gained mutation: You are partially covered in sharp spines.
                  | [demonic ancestry]
  3299 | D:3      | Reached XP level 4. HP: 19/35 MP: 4/6
  3334 | D:3      | Reached skill level 3 in Invocations
  3336 | D:3      | Reached skill level 4 in Invocations
  4038 | D:3      | Reached XP level 5. HP: 26/41 MP: 8/8
  4853 | D:4      | Reached skill level 5 in Invocations
  4888 | D:4      | Reached *** piety under Lugonu
  5284 | D:4      | Found a stormy altar of Qazlal.
  5284 | D:4      | Found a sacrificial altar of Ru.
  5364 | D:4      | Found Abrut's Jewellery Emporium.
  5475 | D:4      | Reached skill level 6 in Invocations
  5574 | D:4      | Gained mutation: Your touch may inflict minor irresistible
                  | damage on your foes. [demonic ancestry]
  5574 | D:4      | Reached XP level 6. HP: 17/47 MP: 9/11
  6190 | D:5      | Entered Level 5 of the Dungeon
  6350 | D:5      | Reached skill level 7 in Invocations
  6545 | D:5      | Found a radiant altar of Vehumet.
  6748 | D:5      | Found an iron altar of Okawaru.
  6925 | D:5      | Reached skill level 8 in Invocations
  7048 | D:5      | Noticed a sky beast
  7062 | D:5      | Killed a sky beast
  7063 | D:5      | Gained mutation: Your touch may inflict irresistible damage
                  | on your foes. [demonic ancestry]
  7063 | D:5      | Reached XP level 7. HP: 35/54 MP: 13/13
  7291 | D:5      | Noticed Edmund
  7300 | D:5      | Killed Edmund
  7545 | D:5      | Reached skill level 5 in Fighting
  8227 | D:6      | Noticed Prince Ribbit
  8243 | D:6      | Killed Prince Ribbit
  8244 | D:6      | Gained mutation: A meltable shield of frost defends you.
                  | (SH +4) [demonic ancestry]
  8244 | D:6      | Reached XP level 8. HP: 41/64 MP: 14/14
  8392 | D:6      | Found a glowing drain.
  8405 | Sewer    | Entered a sewer
  9787 | D:6      | You fall into a shaft and drop 2 floors!
  9798 | D:7      | Reached **** piety under Lugonu
 10780 | D:7      | Reached XP level 9. HP: 72/74 MP: 15/15
 11505 | D:7      | Found a staircase to the Ecumenical Temple.
 11950 | D:8      | Reached skill level 5 in Short Blades
 11950 | D:8      | Reached skill level 9 in Invocations
 12753 | D:8      | Reached skill level 10 in Invocations
 12967 | D:8      | Noticed an elephant
 12987 | D:8      | Noticed a death yak
 12994 | D:8      | Killed an elephant
 12995 | D:8      | Found a staircase to the Lair.
 13017 | D:8      | Slain by a death yak

Illustrated notes

Levels and vault maps discovered:
D:1:      sevenhm_arrival_forest_fort_large_4, layout_rooms,
          chequers_serial_rivers_micro_b, chequers_decorated_corner,
          minmay_stone_trees_small, corexii_corridor_pit
D:2:      layout_loops_ring, hellmonk_ecumenical_altar_heavens_door,
          hangedman_decor_riveting
D:3:      layout_loops_ring
D:4:      layout_loops_ring, gammafunk_temple_overflow_wave, serial_shops,
          nicolae_stop_n_shop_2, hangedman_decor_slide_cut
D:5:      layout_cave_pods, vehumet_statue, mainiacjoe_overflow_boulevard,
          serial_co_window_serial, co_window_corner_a, co_window_paths_a,
          co_window_of_opportunity_a, co_window_of_opportunity_a,
          co_window_paths_a, co_window_2corner, co_window_broadway_c,
          co_window_of_opportunity_c, glass_columns_a, glass_columns_b,
          glass_columns_c, glass_columns_b, chequers_serial_rivers_micro_d,
          uniq_edmund
D:6:      layout_loops_ring, nicolae_ossuary_entry_false_entrances,
          portal_sewer_entry_b, kennysheep_generic_room_15, uniq_prince_ribbit1
D:7:      layout_loops_cross, lemuel_temple_firewalk_b, hangedman_glass_teeth,
          grunt_decor_junction, nicolae_underground_beach
D:8:      wad_guarded_room, layout_basic, david_lair_generic,
          lightli_orcish_oven

Skill      XL: |  1  2  3  4  5  6  7  8  9 |
---------------+----------------------------+-----
Short Blades   | 2 3 4 7 |  7.2
Invocations    | 4 6 8 10 | 10.0
Fighting       | 4 6 7 8 |  8.0
Armour         | 2 4 |  4.0
Dodging        | 2 4 |  4.0

Action                   |  1- 3 |  4- 6 |  7- 9 || total
-------------------------+-------+-------+-------++-------
Melee: Short sword       |   166 |   137 |   255 ||   558
       Punch             |     2 |     5 |     2 ||     9
       Unarmed           |       |    12 |       ||    12
       Touch             |       |     6 |    60 ||    66
Invok: Depart the Abyss  |     1 |       |       ||     1
       Banish            |       |       |     4 ||     4
       Bend Space        |       |       |     1 ||     1
Evoke: Wand              |       |       |     1 ||     1
  Use: Potion            |       |     6 |     1 ||     7
 Stab: Sleeping          |       |     2 |     1 ||     3
       Distracted        |       |     1 |       ||     1
Armor: Leather armour    |    44 |    31 |    43 ||   118
       Skin              |       |    17 |       ||    17
Dodge: Dodged            |    91 |    56 |   142 ||   289
Block: Other             |       |       |    21 ||    21

Table legend: (Time is in decaauts)
 A = Elapsed time spent in this place.
 B = Non-inter-level travel time spent in this place.
 C = Inter-level travel time spent in this place.
 D = Time resting spent in this place.
 E = Time spent auto-exploring this place.
 F = Levels seen in this place.
 G = Mean time per level.
                   A        B        C        D        E       F      G
               +--------+--------+--------+--------+--------+-----+--------+
         Total |  13096 |  12875 |    221 |    204 |  11264 |  10 | 1309.6 |
       Dungeon |  11726 |  11505 |    221 |    204 |  10100 |   8 | 1465.8 |
         Abyss |    587 |    587 |      0 |      0 |    585 |   1 |  587.0 |
         Sewer |    782 |    782 |      0 |      0 |    579 |   1 |  782.0 |
               +--------+--------+--------+--------+--------+-----+--------+

Top non-repeatable levels by time:
     D:5: 1892 daAuts
     D:7: 1867 daAuts
     D:3: 1565 daAuts
     D:2: 1432 daAuts
     D:4: 1398 daAuts
     D:8: 1343 daAuts
     D:1: 1184 daAuts
     D:6: 1042 daAuts
   Sewer: 782 daAuts
 Abyss:1: 587 daAuts
